cohdb
Replays
Latest Replays
All Replays
Popular Replays
Top Player Replays
Match Explorer
How It Works
Community
CoH3 Stats
Reddit
Sign in to upload your games and track your stats! →
Sign in with Steam
Match 40775104
Unlisted
Match 40775104
Overview
Messages
Build Orders
End
Construct Barracks
Selects Armored Battlegroup
Selects Armored Battlegroup
Selects Veteran Crews
Engineer Squad
1⁄4-ton 4x4 Truck
Riflemen Squad
1⁄4-ton 4x4 Truck
Riflemen Squad
Air Support Center
Double Sortie
Grasshopper Recon Run
M1918 Browning Automatic Rifles
Grenade Package
Construct Motor Pool
P-47 Strafing Run
M1 Anti-tank Gun Team
Selects M31 Recovery Vehicle
Selects War Machine
P-47 Dive Bomb
Grasshopper Recon Run
M8 Greyhound Armored Car
P-47 Strafing Run
Advanced Air Reconnaissance
Seak
53np41
CPU - VERY EASY
killerturkey_1
Viperrexe
Dr. Pichulas
0
0
Comments
sign in to comment!
No comments posted yet!